 Dungeon Crawl Stone Soup version 0.28-a0-1638-g9123634e07 (webtiles) character file.

Game seed: 17796596470607858116

73 YayAnonymity the Slasher (level 4, -2/33 HPs)
             Began as a Demonspawn Gladiator on Jan 26, 2022.
             Succumbed to an adder's poison
             ... on level 2 of the Dungeon.
             The game lasted 00:03:07 (1793 turns).

YayAnonymity the Slasher (Demonspawn Gladiator)     Turns: 1793, Time: 00:03:08

Health: -2/33      AC:  6    Str: 16    XL:     4   Next: 8%
Magic:  4/4        EV: 11    Int: 10    God:
Gold:   109        SH:  0    Dex: 14    Spells: 3/3 levels left

rFire   . . .      SeeInvis .   a - +0 long sword
rCold   + . .      Faith    .   (no shield)
rNeg    . . .      Spirit   .   c - +0 ring mail
rPois   .          Reflect  .   k - +1 hat
rElec   .          Harm     .   (no cloak)
rCorr   .          Rampage  .   (no gloves)
Will    .....                   (no boots)
Stlth   +.........              (no amulet)
HPRegen 0.11/turn               l - ring of protection from cold
MPRegen 0.09/turn               (no ring)

@: lethally poisoned (-2 -> -12)
A: hooves 2
a: no special abilities


You were on level 2 of the Dungeon.
You visited 1 branch of the dungeon, and saw 2 of its levels.

You collected 109 gold pieces.

Inventory:

Hand Weapons
 a - a +0 long sword (weapon)
 b - a +0 hunting sling
 e - a +0 short sword
Missiles
 d - 4 throwing nets (quivered)
 f - 3 javelins
 j - 30 stones
Armour
 c - a +0 ring mail (worn)
 k - a +1 hat (worn)
Jewellery
 l - a ring of protection from cold (left hand)
Scrolls
 h - a scroll of identify {unknown}
Potions
 g - a potion of brilliance {unknown}
 i - a potion of might {unknown}


   Skills:
 - Level 2.0 Fighting
 + Level 4.5 Long Blades
 - Level 1.7 Throwing
 - Level 2.6 Dodging


You had 3 spell levels left.
You didn't know any spells.
Your spell library contained the following spells:

 Spells                   Type           Power      Damage    Failure   Level
 Stone Arrow              Conj/Erth      0%         3d7       91%         3
 Animate Armour           Summ/Erth      0%         N/A       100%        4
 Lehudib's Crystal Spear  Conj/Erth      0%         10d2      100%        8


Dungeon Overview and Level Annotations

Branches:
Dungeon (2/15)

Altars:


Innate Abilities, Weirdness & Mutations

You have hoof-like feet.


Message History

No target in view!
An adder comes into view.
The adder hisses angrily.
Found a stone staircase leading down.
You closely miss the adder. Your kick misses the adder. The adder bites you.
You are poisoned.
The adder poisons you! The adder bites you.
You miss the adder.
You feel sick. The adder bites you.
You slash the adder!
The adder is severely wounded.
You feel sick. The adder bites you. x2
You closely miss the adder.
The adder is severely wounded.
You feel sick. The adder misses you.
You closely miss the adder.
The adder is severely wounded.
You feel sick.
You are no longer poisoned.
The adder bites you.
You are poisoned.
The adder poisons you! The adder bites you.
* * * LOW HITPOINT WARNING * * *
You are lethally poisoned!
The adder poisons you!
You barely miss the adder. Your kick misses the adder.
The adder is severely wounded.
* * * LOW HITPOINT WARNING * * *
You feel very sick. The adder bites you.
* * * LOW HITPOINT WARNING * * *
You are more poisoned.
The adder poisons you!
You closely miss the adder.
The adder is severely wounded.
* * * LOW HITPOINT WARNING * * *
You feel very sick. The adder barely misses you.
The adder bites you but does no damage.
You closely miss the adder. You kick the adder.
You kill the adder!
You die...

##..# #...# #...#
.... #..# ### #.>
.. #.#
############
#@#####...........
#........#########
#######..# #....
#...#..# #....
#...#..# #....
#...#..# ##...
####...#†.# #.##
#.........# #.#
#.##...##.# #.#


There were no monsters in sight!

Vanquished Creatures
  Jessica (D:2)
  An adder (D:2)
  A worm (D:2)
  3 dart slugs
  2 ball pythons (D:2)
  2 bats (D:2)
  6 endoplasms
  A giant cockroach (D:1)
  3 goblins
  3 hobgoblins (D:1)
  4 jackals (D:2)
  2 kobolds (D:2)
  2 frilled lizards
  5 rats
36 creatures vanquished.

Notes
Turn   | Place    | Note
-------+----------+-------------------------------------------
     0 | D:1      | YayAnonymity the Demonspawn Gladiator began the quest for
                  | the Orb.
     0 | D:1      | Reached XP level 1. HP: 16/16 MP: 1/1
   149 | D:1      | Reached skill level 3 in Long Blades
   376 | D:1      | Gained mutation: You have large cloven feet. [demonic
                  | ancestry]
   376 | D:1      | Reached XP level 2. HP: 22/22 MP: 2/2
   377 | D:1      | Noticed a great orb of eyes
   385 | D:1      | Found a faded altar of an unknown god.
   386 | D:1      | Noticed an eye of devastation
   396 | D:1      | Noticed a great orb of eyes
   396 | D:1      | Noticed a golden eye
  1072 | D:2      | Gained mutation: You have hoof-like feet. [demonic
                  | ancestry]
  1072 | D:2      | Reached XP level 3. HP: 27/27 MP: 3/3
  1198 | D:2      | Reached skill level 4 in Long Blades
  1490 | D:2      | Noticed Jessica
  1497 | D:2      | Killed Jessica
  1498 | D:2      | Reached XP level 4. HP: 20/33 MP: 4/4
  1792 | D:2      | HP: 1/33 [poisoned by an adder]
  1793 | D:2      | Succumbed to an adder's poison

Illustrated notes

Levels and vault maps discovered:
D:1:      minmay_arrival_four_circles, layout_loops_corners,
          hellmonk_ecumenical_altar_watching_god
D:2:      wad_pebble_path, layout_basic, serial_curves, eino_curves_02,
          eino_curves_01, uniq_jessica

Skill      XL: |  1  2  3 |
---------------+----------+-----
Long Blades    | 3 4 |  4.5
Fighting       | |  2.0
Throwing       | |  1.7
Dodging        | |  2.6

Action                   |  1- 3 |  4- 6 || total
-------------------------+-------+-------++-------
Melee: Long sword        |    72 |    12 ||    84
       Kick              |    14 |     2 ||    16
       Punch             |     1 |       ||     1
 Stab: Sleeping          |     1 |       ||     1
Armor: Leather armour    |    14 |       ||    14
       Ring mail         |     2 |     2 ||     4
Dodge: Dodged            |    35 |     4 ||    39

Table legend: (Time is in decaauts)
 A = Elapsed time spent in this place.
 B = Non-inter-level travel time spent in this place.
 C = Inter-level travel time spent in this place.
 D = Time resting spent in this place.
 E = Time spent auto-exploring this place.
 F = Levels seen in this place.
 G = Mean time per level.
                   A        B        C        D        E       F      G
               +--------+--------+--------+--------+--------+-----+--------+
         Total |   1812 |   1712 |    100 |      0 |   1345 |   2 |  906.0 |
       Dungeon |   1812 |   1712 |    100 |      0 |   1345 |   2 |  906.0 |
               +--------+--------+--------+--------+--------+-----+--------+

Top non-repeatable levels by time:
     D:1: 1030 daAuts
     D:2: 782 daAuts
